 Dungeon Crawl Stone Soup version 0.26.1-2-gb8aa6d0cf2 (webtiles) character file.

Game seed: 8469791199336948667

85468 DearestLeader the Earth Mage (level 15, -15/93 HPs)
             Began as a Gargoyle Earth Elementalist on Feb 16, 2021.
             Was the Champion of Vehumet.
             Demolished by a very large slime creature (29 damage)
             ... on level 12 of the Dungeon on Feb 18, 2021.
             The game lasted 01:33:30 (28625 turns).

DearestLeader the Earth Mage (GrEE)                Turns: 28625, Time: 01:33:30

Health: -15/93     AC: 21    Str: 13    XL:     15   Next: 83%
Magic:  7/29       EV: 18    Int: 21    God:    Vehumet [******]
Gold:   2125       SH:  4    Dex: 10    Spells: 3/34 levels left

rFire    . . .     SeeInvis .   Y - +9 trident of Dicua {vamp, +Blink rC+}
rCold    + + .     Faith    .   y - +0 buckler
rNeg     + . .     Spirit   .   l - +2 robe {Archmagi}
rPois    ∞         Reflect  .   N - +1 hat {Will+}
rElec    +         Harm     .   t - +0 cloak
rCorr    .         Rampage  .   E - +0 pair of gloves
Will     ++...                  u - +1 pair of boots
Stlth    ++........             v - amulet of regeneration
HPRegen  0.65/turn              f - +4 ring of evasion
MPRegen  0.21/turn              O - ring of protection from cold

@: no potions, flying
A: big wings, negative energy resistance 1, electricity resistance, unbreathing,
petrification resistance, miasma immunity, AC +11
a: Stop Flying, Renounce Religion, Evoke Blink


You were on level 12 of the Dungeon.
You worshipped Vehumet.
Vehumet was exalted by your worship.
You visited 4 branches of the dungeon, and saw 21 of its levels.
You also visited: Sewer.

You collected 2674 gold pieces.
You spent 549 gold pieces at shops.

Inventory:

Hand Weapons
 s - a +4 quarterstaff of chaos
 Y - the +9 trident of Dicua (weapon) {vamp, +Blink rC+}
   (You found it on level 6 of the Lair of Beasts)

   It inflicts no extra harm, but heals its wielder when it wounds a living foe.
   It protects you from cold.
   It lets you blink.
Missiles
 b - 330 stones
Armour
 l - a +2 robe of the Archmagi (worn)
 q - a +0 helmet
 t - a +0 cloak (worn)
 u - a +1 pair of boots (worn)
 y - a +0 buckler (worn)
 E - a +0 pair of gloves (worn)
 N - a +1 hat of willpower (worn)
 Z - a +2 robe of positive energy
Magical Staves
 I - an uncursed staff of cold
 T - an uncursed staff of poison
Jewellery
 f - a +4 ring of evasion (left hand)
 j - a cursed amulet of inaccuracy {unknown}
 p - the ring "Dulle" {Ice rPois Str-4 Int+3}
   (You found it on level 6 of the Lair of Beasts)

   [ring of ice]

   It enhances your ice magic.
   It affects your strength (-4).
   It affects your intelligence (+3).
   It makes you vulnerable to fire.
   It protects you from cold.
   It protects you from poison.
 v - an amulet of regeneration (around neck)
 x - an uncursed ring of ice
 O - a ring of protection from cold (right hand)
Wands
 d - a wand of flame (26)
 n - a wand of polymorph (19)
 w - a wand of iceblast (21)
 G - a wand of acid (3)
 U - a wand of random effects (42)
 W - a wand of paralysis (21)
Scrolls
 a - 3 scrolls of immolation
 c - a scroll of holy word
 g - 2 scrolls of fear
 k - 7 scrolls of teleportation
 o - 8 scrolls of amnesia
 B - 5 scrolls of magic mapping
 C - 6 scrolls of remove curse
 D - a scroll of enchant armour
 H - 4 scrolls of fog
 J - a scroll of blinking
 K - 2 scrolls of enchant weapon
 L - 2 scrolls of identify
 R - a scroll of vulnerability
 X - a scroll of silence
Potions
 e - 8 potions of curing
 h - 4 potions of haste
 i - 6 potions of heal wounds
 m - 3 potions of cancellation
 r - 6 potions of brilliance
 z - 4 potions of might
 A - a potion of flight {unknown}
 F - a potion of magic
 P - a potion of invisibility {unknown}
 Q - 2 potions of mutation
 S - a potion of resistance
Miscellaneous
 V - a condenser vane


   Skills:
 - Level 10.6 Fighting
 - Level 3.8(4.3) Polearms
 - Level 3.0(4.1) Staves
 - Level 6.3 Armour
 + Level 5.0 Dodging
 - Level 2.1 Stealth
 - Level 4.0 Shields
 + Level 10.1 Spellcasting
 - Level 11.4 Conjurations
 - Level 2.1 Transmutations
 * Level 11.7 Ice Magic
 - Level 16.7 Earth Magic


You had 3 spell levels left.
You knew the following spells:

 Your Spells              Type           Power        Failure   Level
a - Sandblast             Erth           100%         0%          1
b - Passwall              Tmut/Erth      55%          1%          2
c - Stone Arrow           Conj/Erth      100%         1%          3
d - Lee's Rapid Deconstr  Erth           44%          1%          5
e - Petrify               Tmut/Erth      66%          1%          4
f - Searing Ray           Conj           100%         1%          2
g - Frozen Ramparts       Ice            100%         1%          3
h - Iskenderun's Battles  Conj           73%          1%          5
i - Ozocubu's Refrigerat  Ice            37%          2%          6

Your spell library contained the following spells:

 Spells                   Type           Power        Failure   Level
 Freezing Cloud           Conj/Ice/Air   29%          11%         6
 Shock                    Conj/Air       100%         1%          1
 Static Discharge         Conj/Air       51%          1%          3
 Animate Skeleton         Necr           30%          6%          1
 Pain                     Necr           60%          6%          1
 Swiftness                Air            15%          10%         2
 Confusing Touch          Hex            15%          19%         3
 Gell's Gravitas          Tloc           7%           19%         3
 Vampiric Draining        Necr           7%           19%         3
 Lightning Bolt           Conj/Air       25%          4%          5
 Metabolic Englaciation   Hex/Ice        26%          16%         5
 Airstrike                Air            7%           17%         4
 Yara's Violent Unravell  Hex/Tmut       11%          28%         5
 Animate Dead             Necr           7%           54%         4
 Agony                    Necr           15%          87%         5


Dungeon Overview and Level Annotations

Branches:
Dungeon (12/15)            Temple (1/1) D:7            Lair (6/6) D:8
 Shoals (0/4) Lair:3        Snake (0/4) Lair:2        Slime (0/5) Lair:5
    Orc (2/2) D:11            Elf (0/3) Orc:2         Sewer (visited)

Altars:
Ashenzari
Cheibriados
Elyvilon
Fedhas
Gozag
Hepliaklqana
Kikubaaqudgha
Nemelex Xobeh
Okawaru
Qazlal
Ru
Sif Muna
Trog
Uskayaw
Vehumet
Wu Jian
Xom
Yredelemnul
Zin
The Shining One

Shops:
D:7 !   Orc:1 *   Orc:2 (*[[}

Portals:
Trove: D:11 (lose all piety)

Annotations:
D:6 3 runed translucent doors, H0rd4k's ghost, novice HuAr
D:8 2 transporters, akumoriri's ghost, novice GnGl
Lair:6 3 runed translucent doors, Rexfelis's ghost, journeyman MiBe


Innate Abilities, Weirdness & Mutations

You are resistant to torment.
Your stone body is resilient. (AC +11)
You are immune to poison.
Your large and strong wings let you fly indefinitely.
You resist negative energy. (rN+)
You are resistant to electric shocks. (rElec)
You can survive without breathing.
You are immune to petrification.
You are immune to miasma.


Message History

The redback zombie is lightly damaged.
The very large slime creature hits you!!
Things that are here:
a +2 mace; a +0 robe The sentinel's mark upon you fades away.
Casting: Ozocubu's Refrigeration (dangerous; 2% risk of failure)
Confirm with . or Enter, or press ? or * to list all spells.
You feel a surge of power!
The heat is drained from your surroundings.
You resist.
You feel very cold.
The very large slime creature and the redback zombie are frozen.
The very large slime creature is almost dead.
The redback zombie resists.
The redback zombie is lightly damaged.
The very large slime creature hits you!!!
Ouch! That really hurt!
* * * LOW HITPOINT WARNING * * *
You cannot drink potions in your current state!
The very large slime creature hits you!!
You die...

..# #.##.#.#
..####### #Z##.#.#
..#.....#######
#.##.#.#
..#.....).....#
####....#.#
..(♣....#####.#
#...).....#
..♣≈≈.........#
#.#########
.♣≈≈≈((....#### #.#
##≈♣P##(...#######Z#
########)......@J.#
#.########## #.# #.#
#.# #.# #.. ###


You could see a very large slime creature and a redback zombie.

Vanquished Creatures
  Saint Roka (Orc:2)
  Gastronok (Lair:2)
  An orc warlord (Orc:1)
  2 dire elephants
  Josephine (D:11)
  3 boulder beetles
  A vault guard (D:11)
  6 hydras
  Erolcha (Orc:1)
  Harold (D:9)
  3 catoblepae
  A merfolk avatar (Lair:6)
  4 ogre magi (Orc:2)
  13 two-headed ogres (Orc:2)
  A death yak (Lair:3)
  Sonja (Lair:4)
  A glowing orange brain (Lair:4)
  A lindwurm (Lair:5)
  2 ugly things
  An oklob plant (Lair:4)
  4 orc sorcerers (Orc:1)
  3 cyclopes
  2 manticores
  A slime creature (D:12)
  Maurice (D:11)
  24 elephants
  3 black mambas
  16 cane toads
  Maggie (Lair:1)
  9 komodo dragons
  5 rime drakes
  9 polar bears
  A troll (D:11)
  Prince Ribbit (D:5)
  3 hornets (Lair:6)
  18 blink frogs
  21 dream sheep
  A water elemental (D:11)
  3 wraiths (D:11)
  A shadow (D:11)
  27 yaks
  6 wyverns
  2 basilisks
  2 wargs (Orc:2)
  14 water moccasins
  2 ice beasts
  3 sky beasts
  2 black bears
  A phantom (D:4)
  30 orc warriors
  33 ogres
  9 wolves
  10 centaurs
  2 big kobolds
  10 bullfrogs
  A scorpion (D:8)
  3 killer bees (D:9)
  13 wights
  An electric eel (Lair:2)
  4 howler monkeys
  A bullfrog zombie (D:8)
  2 centaur zombies
  5 hounds
  A bullfrog skeleton (D:7)
  14 jellies
  Crazy Yiuf (D:3)
  A centaur skeleton (D:4)
  21 orc priests
  A gnoll shaman (D:4)
  4 iguanas
  Ijyb (D:3)
  17 orc wizards
  11 worker ants
  13 hell rats
  A hound zombie (D:9)
  A hound skeleton (D:7)
  A howler monkey zombie (D:5)
  3 worker ant zombies
  A howler monkey skeleton (D:6)
  7 gnolls (D:4)
  16 adders
  3 white imps
  5 ufetubi
  3 oozes
  2 adder skeletons
  2 worms
  2 dart slugs (D:1)
  6 leopard geckos
  94 orcs
  5 giant cockroaches
  12 goblins
  7 hobgoblins
  8 jackals
  5 quokkas
  2 ball pythons (D:3)
  7 bats
  6 frilled lizards
  23 kobolds
  5 rats
668 creatures vanquished.

Vanquished Creatures (others)
  A bullfrog (Lair:5)
  36 fungi
  125 plants
162 creatures vanquished.

Grand Total: 830 creatures vanquished

Notes
Turn   | Place    | Note
-------+----------+-------------------------------------------
     0 | D:1      | DearestLeader the Gargoyle Earth Elementalist began the
                  | quest for the Orb.
     0 | D:1      | Reached XP level 1. HP: 10/10 MP: 3/3
    77 | D:1      | Reached skill level 4 in Earth Magic
    80 | D:1      | Reached XP level 2. HP: 14/15 MP: 0/5
   809 | D:1      | Reached XP level 3. HP: 17/19 MP: 6/6
   812 | D:1      | Reached skill level 5 in Earth Magic
  1113 | D:1      | Learned a level 2 spell: Passwall
  1117 | D:1      | Learned a level 3 spell: Stone Arrow
  1813 | D:2      | Reached XP level 4. HP: 23/24 MP: 4/7
  2456 | D:3      | Reached skill level 6 in Earth Magic
  2710 | D:3      | Reached XP level 5. HP: 28/28 MP: 8/8
  3077 | D:3      | Noticed an ogre
  3082 | D:3      | Killed an ogre
  3083 | D:3      | Reached skill level 7 in Earth Magic
  3198 | D:3      | Noticed Ijyb
  3213 | D:3      | Killed Ijyb
  3214 | D:3      | Reached XP level 6. HP: 32/32 MP: 0/9
  3544 | D:3      | Reached skill level 8 in Earth Magic
  3846 | D:3      | Found a shimmering blue altar of Sif Muna.
  3905 | D:3      | Found a runed translucent door.
  3906 | D:3      | Noticed Crazy Yiuf
  3911 | D:3      | Killed Crazy Yiuf
  4202 | D:4      | Reached skill level 9 in Earth Magic
  4202 | D:4      | Reached XP level 7. HP: 28/36 MP: 8/10
  4663 | D:4      | Found a sacrificial altar of Ru.
  4690 | D:4      | Learned a level 5 spell: Lee's Rapid Deconstruction
  5237 | D:5      | Entered Level 5 of the Dungeon
  5309 | D:5      | Reached skill level 10 in Earth Magic
  5342 | D:5      | You fall into a shaft and drop 2 floors!
  5539 | D:6      | Reached XP level 8. HP: 41/41 MP: 10/13
  5846 | D:6      | Found a runed translucent gate.
  5847 | D:6      | Found a runed translucent gate.
  5847 | D:6      | Found an opulent altar of Gozag.
  5849 | D:6      | Found a runed translucent gate.
  5850 | D:6      | Noticed H0rd4k's ghost (novice HuAr)
  6020 | D:6      | Found a glowing drain.
  6055 | Sewer    | Entered a sewer
  7339 | D:5      | Noticed Prince Ribbit
  7608 | D:5      | Killed Prince Ribbit
  7609 | D:5      | Reached skill level 1 in Fighting
  7609 | D:5      | Reached skill level 1 in Shields
  7609 | D:5      | Reached skill level 11 in Earth Magic
  7827 | D:5      | Found a shimmering blue altar of Sif Muna.
  8347 | D:7      | Reached XP level 9. HP: 46/48 MP: 15/15
  8390 | D:7      | Found Cuqan's Distillery.
  8404 | D:7      | Bought a potion of heal wounds for 75 gold pieces
  8404 | D:7      | Bought a potion of heal wounds for 75 gold pieces
  8404 | D:7      | Bought a potion of curing for 45 gold pieces
  8762 | D:7      | Found a staircase to the Ecumenical Temple.
  8801 | Temple   | Entered the Ecumenical Temple
  8909 | Temple   | Became a worshipper of Vehumet
  9479 | D:8      | Reached skill level 5 in Spellcasting
  9594 | D:8      | Reached skill level 12 in Earth Magic
  9777 | D:8      | Found a staircase to the Lair.
  9779 | D:8      | Noticed a komodo dragon
 10202 | D:9      | Reached * piety under Vehumet
 10202 | D:9      | Offered knowledge of Shock by Vehumet.
 10380 | D:9      | Learned a level 4 spell: Petrify
 10438 | D:9      | Reached skill level 1 in Transmutations
 10679 | D:9      | Reached skill level 1 in Conjurations
 10996 | D:9      | Reached XP level 10. HP: 55/58 MP: 18/18
 11114 | D:9      | Noticed Harold
 11138 | D:9      | Killed Harold
 11139 | D:9      | Reached skill level 5 in Fighting
 11139 | D:9      | Reached skill level 13 in Earth Magic
 11330 | D:10     | Entered Level 10 of the Dungeon
 12272 | D:11     | Noticed a boulder beetle
 12328 | D:10     | Reached ** piety under Vehumet
 12328 | D:10     | Offered knowledge of Searing Ray by Vehumet.
 12332 | D:10     | Learned a level 2 spell: Searing Ray
 12613 | D:8      | Found a transporter.
 12617 | D:8      | Noticed akumoriri's ghost (novice GnGl)
 12632 | D:8      | Reached skill level 14 in Earth Magic
 12744 | D:8      | Found a transporter.
 12745 | D:8      | Noticed a moth of wrath
 12867 | D:8      | Reached XP level 11. HP: 57/63 MP: 6/21
 13219 | Lair:1   | Entered Level 1 of the Lair of Beasts
 13235 | Lair:1   | Reached skill level 5 in Conjurations
 13792 | Lair:1   | Noticed Maggie
 13799 | Lair:1   | Killed Maggie
 13800 | Lair:1   | Reached skill level 15 in Earth Magic
 14343 | Lair:2   | Reached skill level 1 in Armour
 14442 | Lair:1   | Offered knowledge of Frozen Ramparts by Vehumet.
 14448 | Lair:1   | Learned a level 3 spell: Frozen Ramparts
 14539 | Lair:2   | Reached skill level 1 in Ice Magic
 14884 | Lair:2   | Reached *** piety under Vehumet
 14885 | Lair:2   | Reached XP level 12. HP: 66/68 MP: 7/23
 15012 | Lair:2   | Found a staircase to the Snake Pit.
 15024 | Lair:2   | Noticed Gastronok
 15044 | Lair:2   | Noticed a four-headed hydra
 15173 | Lair:2   | Killed a four-headed hydra
 15174 | Lair:2   | Reached skill level 5 in Armour
 15185 | Lair:2   | Killed Gastronok
 15381 | Lair:2   | You fall into a shaft and drop 2 floors!
 15387 | Lair:4   | Noticed a boulder beetle
 15437 | Lair:4   | Noticed a catoblepas
 15455 | Lair:4   | Killed a catoblepas
 15477 | Lair:4   | Offered knowledge of Dazzling Flash by Vehumet.
 15623 | Lair:4   | Reached skill level 5 in Ice Magic
 15924 | Lair:4   | Killed a boulder beetle
 16161 | Lair:4   | Noticed Sonja
 16170 | Lair:4   | Killed Sonja
 16776 | Lair:4   | Noticed a death yak
 16908 | Lair:3   | Found a staircase to the Shoals.
 16936 | Lair:3   | Reached skill level 16 in Earth Magic
 16982 | Lair:2   | Noticed a five-headed hydra
 17041 | Lair:2   | Reached XP level 13. HP: 46/74 MP: 3/25
 18043 | Lair:3   | Reached **** piety under Vehumet
 19296 | Lair:4   | Offered knowledge of Iskenderun's Battlesphere by Vehumet.
 19307 | Lair:4   | HP: 3/75 [something (13)]
 19312 | Lair:4   | HP: 3/75 [hell rat (4)]
 19326 | Lair:4   | Learned a level 5 spell: Iskenderun's Battlesphere
 19692 | Lair:5   | Reached skill level 1 in Staves
 19828 | Lair:5   | Reached skill level 10 in Conjurations
 20344 | Lair:5   | Reached ***** piety under Vehumet
 20510 | Lair:5   | Offered knowledge of Eringya's Noxious Bog by Vehumet.
 20968 | Lair:5   | Found a staircase to the Slime Pits.
 21045 | Lair:5   | Gained mutation: Your large and strong wings let you fly
                  | indefinitely. [Gargoyle growth]
 21045 | Lair:5   | Reached XP level 14. HP: 22/82 MP: 7/27
 21337 | Lair:6   | Entered Level 6 of the Lair of Beasts
 21748 | Lair:6   | Found a runed translucent gate.
 21749 | Lair:6   | Found a runed translucent gate.
 21750 | Lair:6   | Found a runed translucent gate.
 21868 | Lair:6   | Noticed a dire elephant
 22025 | Lair:6   | Offered knowledge of Ozocubu's Refrigeration by Vehumet.
 22033 | Lair:6   | Learned a level 6 spell: Ozocubu's Refrigeration
 22102 | Lair:6   | Noticed a dire elephant
 22155 | Lair:6   | Reached skill level 10 in Spellcasting
 22337 | Lair:5   | Reached skill level 5 in Dodging
 22819 | Lair:6   | Killed a dire elephant
 23591 | Lair:6   | Got a pitted dagger
 23591 | Lair:6   | Identified the cursed +1 dagger "Mimeses" {pain, rPois
                  | Int+6 Dex-5} (You found it on level 6 of the Lair of
                  | Beasts)
 23722 | Lair:6   | Noticed Rexfelis's ghost (journeyman MiBe)
 23725 | Lair:6   | Found the +8 storm bow {elec, penet}
 23898 | Lair:5   | Killed a dire elephant
 24094 | Lair:6   | Got a scintillating jade ring
 24096 | Lair:6   | Identified the ring "Dulle" {Ice rPois Str-4 Int+3} (You
                  | found it on level 6 of the Lair of Beasts)
 24103 | Lair:6   | Got a scintillating wooden ring
 24105 | Lair:6   | Identified the ring of Veizoa {*Tele rN+ Int+2} (You found
                  | it on level 6 of the Lair of Beasts)
 24112 | Lair:6   | Got a twisted trident
 24113 | Lair:6   | Identified the +9 trident of Dicua {vamp, +Blink rC+} (You
                  | found it on level 6 of the Lair of Beasts)
 24974 | D:11     | Reached skill level 1 in Polearms
 25040 | D:11     | Noticed Josephine
 25050 | D:11     | Killed Josephine
 25551 | D:11     | Found a portal to a secret trove of treasure.
 25648 | D:11     | Noticed Maurice
 25653 | D:11     | Killed Maurice
 25954 | D:11     | Reached XP level 15. HP: 91/91 MP: 29/29
 25954 | D:11     | Found a staircase to the Orcish Mines.
 26002 | Orc:1    | Entered Level 1 of the Orcish Mines
 26206 | Orc:1    | Noticed an orc warlord
 26335 | Orc:1    | Killed an orc warlord
 26545 | Orc:1    | Found Liga's Mass Market.
 26624 | Orc:2    | Entered Level 2 of the Orcish Mines
 26628 | Orc:2    | Noticed Erolcha
 26657 | Orc:1    | Killed Erolcha
 26843 | Orc:2    | Reached skill level 10 in Fighting
 26846 | Orc:2    | Reached skill level 10 in Ice Magic
 26874 | Orc:2    | Found Qunei's General Store.
 26874 | Orc:2    | Found Cinoumam's Antique Armour Boutique.
 26875 | Orc:2    | Found Zuaruden's Weapon Shop.
 26875 | Orc:2    | Found Diphungi's Armour Shoppe.
 27027 | Orc:2    | Bought a +1 pair of boots for 172 gold pieces
 27033 | Orc:2    | Bought a wizard robe for 182 gold pieces
 27043 | Orc:2    | Identified the +2 robe "Iseima" {rCorr Int-5 Stlth+} (You
                  | bought it in a shop on level 2 of the Orcish Mines)
 27094 | Orc:2    | Noticed Saint Roka
 27096 | Orc:2    | Offered knowledge of Freezing Cloud by Vehumet.
 27096 | Orc:2    | Reached ****** piety under Vehumet
 27105 | Orc:2    | Killed Saint Roka
 27287 | Orc:2    | Found a staircase to the Elven Halls.
 27354 | Orc:2    | Found Tikuacs's Gadget Emporium.
 28625 | D:12     | Demolished by a very large slime creature

Illustrated notes

Levels and vault maps discovered:
D:1:      zaba_arrival_water, layout_loops_cross, hangedman_decor_slide_cut
D:2:      layout_loops_cross, minmay_misc_feat_diagonals
D:3:      cheibrodos_helix_gallery, layout_loops_corners, marbit_many_paths,
          uniq_ijyb, uniq_crazy_yiuf_cottage
D:4:      layout_basic, nicolae_ru_sacrificial_ziggurat
D:5:      layout_cave_pods, led_sif_pool, uniq_prince_ribbit1
D:6:      layout_loops_corners, ebering_ghost_gozag, gup_sewer_entry_glass,
          chequers_avenue
D:7:      layout_loops_corners, minmay_temple_entry_water_ring, serial_shops,
          nicolae_shop_statue_plus
D:8:      layout_gridville, david_lair_shrubbed,
          gammafunk_ghost_berserking_beasts
D:9:      layout_irregular_city, uniq_harold
D:10:     layout_loops_corners
D:11:     layout_cross, erik_orc_2, enter_trove_5, uniq_maurice, uniq_josephine
D:12:     layout_basic, serial_bayou_pond_d
Temple:   grunt_wide_crystal_templ
Lair:1:   layout_regular_city, cheibrodos_lair_lostbears, grunt_megastairs_5,
          uniq_maggie
Lair:2:   layout_cave_pods, dummy_snake_entry, minivault_11, grunt_megastairs_1,
          infiniplex_staircase_pool, uniq_gastronok
Lair:3:   layout_regular_city, minmay_shoals_entry_centaurs,
          hangedman_lair_generics_rect
Lair:4:   layout_hall_layers, st_stairs_6, nicolae_lair_yak_garden,
          grunt_megastairs_2, uniq_sonja
Lair:5:   layout_regular_city, minmay_slime_entry_jelly_boxes
Lair:6:   gammafunk_lair_ancient_temple, layout_regular_city,
          gammafunk_ghost_icy, serial_bayou_ford_a
Orc:1:    layout_caves, minmay_shop_mass, minmay_orc_keep
Orc:2:    st_orc_ogre_mass, layout_caves, serial_shops,
          nicolae_shop_statue_plus, uniq_saint_roka, uniq_erolcha

Skill      XL: |  1  2  3  4  5  6  7  8  9 10 11 12 13 14 15 |
---------------+----------------------------------------------+-----
Earth Magic    | 4 5 6 7 9 10 11 12 14 15 16 | 16.7
Spellcasting   | 3 4 5 6 7 8 9 10 | 10.1
Fighting       | 2 4 5 7 9 10 | 10.6
Shields        | 3 4 |  4.0
Dodging        | 2 4 5 |  5.0
Transmutations | 1 2 |  2.1
Conjurations   | 1 4 6 8 10 11 | 11.4
Armour         | 4 6 |  6.3
Ice Magic      | 2 5 8 11 | 11.7
Staves         | 2 3 |  3.0
Polearms       | 2 3 |  3.8
Stealth        | |  2.1

Action                   |  1- 3 |  4- 6 |  7- 9 | 10-12 | 13-15 || total
-------------------------+-------+-------+-------+-------+-------++-------
Melee: Short sword       |   136 |   127 |       |       |       ||   263
       Quarterstaff      |       |    20 |   326 |   309 |   188 ||   843
       Dagger            |       |     5 |       |       |       ||     5
       Staff             |       |       |       |       |   146 ||   146
       Trident           |       |       |       |       |   307 ||   307
 Cast: Sandblast         |    17 |    31 |    46 |    55 |   102 ||   251
       Stone Arrow       |       |       |    15 |    79 |   223 ||   317
       Lee's Rapid Decon |       |       |    11 |    43 |    64 ||   118
       Petrify           |       |       |       |     6 |    10 ||    16
       Frozen Ramparts   |       |       |       |     5 |     2 ||     7
       Searing Ray       |       |       |       |     1 |    24 ||    25
       Iskenderun's Batt |       |       |       |       |    33 ||    33
       Ozocubu's Refrige |       |       |       |       |    24 ||    24
 Abil: Fly               |       |       |       |       |     1 ||     1
  Use: Scroll            |       |       |    19 |     3 |    10 ||    32
       Potion            |       |       |       |     1 |     1 ||     2
 Stab: Sleeping          |     2 |     3 |     4 |     2 |     1 ||    12
       Petrifying        |       |       |     1 |       |       ||     1
       Paralysed         |       |       |     6 |     2 |       ||     8
       Petrified         |       |       |     1 |    11 |     7 ||    19
       Confused          |       |       |       |     2 |       ||     2
       Distracted        |       |       |       |     1 |       ||     1
Armor: Robe              |    51 |    41 |   147 |    72 |    43 ||   354
       Steam dragon scal |       |       |       |   115 |   332 ||   447
Dodge: Dodged            |   113 |   118 |   409 |   369 |   769 ||  1778
Block: Buckler           |       |       |       |       |    82 ||    82
